Unix NetHack Version 5.0.0-0 post-release - last build Jun 10 2026 00:39:30 (3ee93aec679c4c4259841fe613dc97188e26a321,branch:main).

Game began 2026-06-23 21:32:09, ended 2026-06-23 21:36:59.

Enkindle23, neutral male gnomish Healer

                                           --------------
                                           |............|
                                        ###.............|
                                       ##  ----|------+--
                                       #       #
                                       #       #
                                       #       #
                                       #     ###
                                       #     #
                                       #   --.--                   ---------
                           ------ -    #   |..>|                   |.......|
                           ........    @   |...|                   |.......|
                           |.........  a   |....#     ----.--      |.......|
                           |...........#   |...|###   |......######-.......|
                           -----------     |...|  ####|.....|      |.{...<.|
                                           -----     #......|      |.......|
                                                      |.....|      ---------
                                                      |.....|
                                                      -------

Enkindle23 the Empiric       St:9 Dx:9 Co:14 In:11 Wi:15 Ch:17  Neutral
Dlvl:4  $:1840 HP:0(33) Pw:38(38) AC:8  Xp:4 T:659 

Latest messages:
 What do you want to drink? [du or ?*] ?
 You feel better.
 You can see again.
 The giant ant bites!
 The giant ant bites!
 What do you want to drink? [du or ?*] d
 You feel better.
 The giant ant bites!
 You hit the giant ant.
 The giant ant bites!
 The giant ant bites!
 You miss the giant ant.
 The giant ant bites!
 The giant ant bites!
 You hit the giant ant.
 The giant ant bites!
 The giant ant bites!
 In what direction? .
 You feel better.
 The giant ant bites!
 The giant ant bites!
 You miss the giant ant.
 The giant ant bites!
 You hit the giant ant.
 The giant ant bites!
 The giant ant bites!
 You hit the giant ant.
 The giant ant bites!
 The giant ant bites!
 The giant ant bites!
 The giant ant just misses!
 What do you want to zap? [g or ?*] g
 In what direction? 2
 The sleep ray hits the giant ant.
 The sleep ray misses the giant ant.
 The sleep ray hits you!
 You dream that you hear bubbling water.
 The giant ant bites!
 The giant ant bites!
 The giant ant bites!
 The giant ant bites!
 The giant ant bites!
 The giant ant bites!
 The giant ant bites!
 You die...
 Do you want your possessions identified? [ynq] (y) y
 Do you want to see your attributes? [ynq] (y) y
 Do you want an account of creatures vanquished? [ynaq] (y) y
 Do you want to see your conduct and achievements? [ynq] (y) y
 Do you want to see the dungeon overview? [ynq] (y) y

Inventory:
 Coins    ('$')
  $ - 1840 gold pieces
 Weapons  (')')
  l - 18 +0 darts
  n - a poisoned +0 dart
  a - a +0 scalpel (weapon in right hand)
 Armor    ('[')
  b - an uncursed +1 pair of leather gloves (being worn)
 Comestibles  ('%')
  k - 6 uncursed apples
  A - an uncursed food ration
  w - 2 uncursed pancakes
  q - an uncursed lichen corpse
 Scrolls  ('?')
  B - an uncursed scroll of blank paper
  x - a cursed scroll of charging
  z - an uncursed scroll of magic mapping
  y - an uncursed scroll of teleportation
 Spellbooks  ('+')
  o - an uncursed spellbook of detect monsters
  i - a blessed spellbook of extra healing
  h - a blessed spellbook of healing
  p - an uncursed spellbook of healing
  j - a blessed spellbook of stone to flesh
 Potions  ('!')
  u - a cursed potion of invisibility
 Rings    ('=')
  t - an uncursed ring of free action
 Wands    ('/')
  g - a wand of sleep (0:3)
 Tools    ('(')
  v - an uncursed bugle
  m - a cursed expensive camera (0:84)
  c - an uncursed stethoscope
 Gems/Stones  ('*')
  r - an uncursed worthless piece of violet glass
  s - an uncursed worthless piece of white glass

Enkindle23 the Healer's attributes:

Background:
 You were an Empiric, a level 4 male gnomish Healer.
 You were neutral, on a mission for Hermes
 who was opposed by Athena (lawful) and Poseidon (chaotic).
 You were right-handed.
 You were in the Dungeons of Doom, on level 4.
 You entered the dungeon 659 turns ago.
 You had 92 experience points, 68 more were needed to attain level 5.

Basics:
 You had 0 out of 33 hit points.
 You had all 38 energy points (spell power).
 Your armor class was 8.
 Your wallet contained 1840 zorkmids.
 Autopickup was off.

Final Characteristics:
 Your strength was 9 (limit:18/50).
 Your dexterity was 9 (limit:18).
 Your constitution was 14 (limit:18).
 Your intelligence was 11 (limit:19).
 Your wisdom was 15 (limit:18).
 Your charisma was 17 (limit:18).

Final Status:
 You weren't hungry.
 You were unencumbered.
 You were wielding a knife.
 You had basic skill with knife.

Final Attributes:
 You were fervently aligned.
 You were poison resistant.
 You had infravision.
 You are dead.

Miscellaneous:
 You didn't encounter any bones levels.
 Total elapsed playing time was 4 minutes and 49 seconds.

Major events:
 Turn
    1: Enkindle23 the neutral male gnomish Healer entered the dungeon
  252: attained the rank of Empiric (level 3)
  659: killed by a giant ant, while sleeping

Spells:
 Name                 Level Category     Fail Retention
 healing                1   healing        0%  91%-100%
 extra healing          3   healing        0%  91%-100%
 stone to flesh         3   healing       11%  91%-100%
 detect monsters        1   divination     0%  76%-100%

Skills:
 Fighting Skills
   bare handed combat [Unskilled]
 Weapon Skills
   dagger             [Unskilled]
   knife              [Basic]
   short sword        [Unskilled]
   saber              [Unskilled]
   club               [Unskilled]
   mace               [Unskilled]
   quarterstaff       [Unskilled]
   polearms           [Unskilled]
   spear              [Unskilled]
   trident            [Unskilled]
   sling              [Unskilled]
   dart               [Unskilled]
   shuriken           [Unskilled]
   unicorn horn       [Unskilled]
 Spellcasting Skills
   healing spells     [Basic]

Voluntary challenges:
 Character rerolling was not enabled.
 You went without food.
 You never genocided any monsters.
 You never polymorphed an object.
 You never changed form.
 You used no wishes.
Achievement:
 You attained the rank of Empiric.

 The Dungeons of Doom: levels 1 to 5
    Level 1:
       An altar, a fountain.
    Level 2:
    Level 3:
       Some fountains.
    Level 4: <- You were here.
       A fountain.
       Final resting place for
          you, killed by a giant ant, while sleeping.
    Level 5:


Vanquished creatures:
  2 small mimics
  a little dog
  a coyote
  a jackal
  a sewer rat
  a grid bug
  3 lichens
  a newt
11 creatures vanquished.

No species were genocided or became extinct.

Game over:
                       ----------
                      /          \
                     /    REST    \
                    /      IN      \
                   /     PEACE      \
                  /                  \
                  |    Enkindle23    |
                  |     1840 Au      |
                  |   killed by a    |
                  |    giant ant     |
                  |                  |
                  |                  |
                  |       2026       |
                 *|     *  *  *      | *
        _________)/\\_//(\/(/\)/\//\/|_)_______

Goodbye Enkindle23 the Healer...

You died in The Dungeons of Doom on dungeon level 4 with 711 points,
and 1840 pieces of gold, after 659 moves.
You were level 4 with a maximum of 33 hit points when you died.

